 Dungeon Crawl Stone Soup version 0.21.1-1-g345015f (webtiles) character file.

25 inc the Vexing (level 2, 0/11 HPs)
             Began as a Felid Enchanter on Feb 22, 2018.
             Succumbed to an adder's poison
             ... on level 2 of the Dungeon.
             The game lasted 00:02:09 (958 turns).

inc the Vexing (Felid Enchanter)                     Turns: 958, Time: 00:02:10

Health: 0/11       AC:  1    Str:  4    XL:     2   Next: 86%
Magic:  6/6        EV: 18    Int: 16    God:
Gold:   47         SH:  0    Dex: 16    Spells: 4/5 levels left
                                        Lives:  0   Deaths: 0

rFire    . . .     SeeInvis +     - Unarmed
rCold    . . .     Gourm    .   (shield unavailable)
rNeg     . . .     Faith    .   (armour unavailable)
rPois    .         Spirit   .   (helmet unavailable)
rElec    .         Reflect  .   (cloak unavailable)
rCorr    .         Harm     .   (gloves unavailable)
MR       .....                  (boots unavailable)
Stlth    ++++......             (no amulet)
HPRegen  0.03/turn              g - ring of stealth
MPRegen  0.10/turn              (no ring)

@: lethally poisoned (0 -> -15), quick
A: very small, no armour, no weapons or thrown items, stealth, claws 1, fangs 3,
see invisible, carnivore, speed 1, shaggy fur 1, slow metabolism 1, sharp paws
a: no special abilities


You were on level 2 of the Dungeon.
You were very full.

You visited 1 branch of the dungeon, and saw 2 of its levels.

You collected 47 gold pieces.

Inventory:

Jewellery
 g - a ring of stealth (left paw)
Scrolls
 c - a scroll of enchant weapon {unknown}
 e - a scroll of identify {unknown}
 f - a scroll of blinking {unknown}
 h - a scroll of fear {unknown}
 i - a scroll of remove curse {unknown}
 j - a scroll of noise {unknown}
Potions
 d - a potion of lignification {unknown}
Books
 a - a book of Maledictions

   Spells                             Type                      Level
   a - Corona                         Hexes                        1
   b - Ensorcelled Hibernation        Hexes/Ice                    2
   c - Confuse                        Hexes                        3
   d - Tukima's Dance                 Hexes                        3
   e - Dazzling Spray                 Conjuration/Hexes            3
Comestibles
 b - 3 rations


   Skills:
 - Level 2.6 Dodging
 - Level 4.0 Stealth
 + Level 2.9 Unarmed Combat
 - Level 2.0 Spellcasting
 - Level 4.4 Hexes


You had 4 spell levels left.
You knew the following spells:

 Your Spells              Type           Power        Failure   Level  Hunger
a - Corona                Hex            ###....      3%          1    #......


Dungeon Overview and Level Annotations

Branches:
Dungeon (2/15)

Altars:


Innate Abilities, Weirdness & Mutations

You cannot wear armour.
You are incapable of wielding weapons or throwing items.
Your paws allow you to move quietly. (Stealth)
You have sharp claws.
You have razor-sharp teeth.
You have supernaturally acute eyesight. (SInv)
You are carnivorous and can eat meat at any time.
You cover ground quickly.
You are covered in fur. (AC +1)
You have a slow metabolism.
Your sharp claws are effective at attacking unaware monsters.


Message History

You barely miss the adder. The adder bites you.
You are poisoned.
The adder poisons you!
You barely miss the adder. You bite the adder, but do no damage.
You feel sick. The adder barely misses you. The adder closely misses you.
You scratch the adder.
The adder is heavily wounded.
The adder misses you.
You scratch the hobgoblin but do no damage.
You feel sick. The adder bites you.
* * * LOW HITPOINT WARNING * * *
You are more poisoned.
The adder poisons you! The hobgoblin barely misses you.
You barely miss the hobgoblin. Your claw misses the hobgoblin.
You bite the hobgoblin, but do no damage.
* * * LOW HITPOINT WARNING * * *
You feel sick. The adder misses you.
You claw the hobgoblin!
You kill the hobgoblin!
You die...

#.#
#.##.......KS.
#.#
#...(S.....##.
#.#####..........
##
#.#..............
#................
#.#####.#.$......
#...)...# .....$.
#.#)#$.?# .......
#.#@#.#.#
#.#S#...#
#.#.#....
#...#g### #......
#.####. . #.


You could see an adder.

Vanquished Creatures
  A shadow imp (D:2)
  2 leopard geckos (D:1)
  A giant cockroach (D:1)
  2 goblins
  2 hobgoblins
  A ball python (D:1)
  2 bats
  2 frilled lizards (D:1)
  A kobold (D:1)
  4 rats (D:1)
18 creatures vanquished.

Notes
Turn   | Place    | Note
-------+----------+-------------------------------------------
     0 | D:1      | inc the Felid Enchanter began the quest for the Orb.
     0 | D:1      | Reached XP level 1. HP: 7/7 MP: 4/4
   376 | D:1      | Reached XP level 2. HP: 11/11 MP: 6/6
   958 | D:2      | Succumbed to an adder's poison

Skill      XL: |  1 |
---------------+----+-----
Unarmed Combat | 2 |  2.9
Dodging        | |  2.6
Stealth        | |  4.0
Spellcasting   | |  2.0
Hexes          | |  4.4

Action                   || total
-------------------------++-------
Melee: Unarmed           ||    72
       Bite              ||     9
 Stab: Sleeping          ||     9
  Eat: Chunk             ||     6
Armor: Skin              ||     9
Dodge: Dodged            ||    69
